 Dungeon Crawl Stone Soup version 0.20.1-1-g8b1a95d66d (webtiles) character file.

3657 Gargoyl the Chopper (level 9, -33/75 HPs)
             Began as a Centaur Abyssal Knight on Nov 24, 2017.
             Was an Elder of Lugonu.
             Annihilated by an orc knight
             ... wielding a +0 glaive
              (42 damage)
             ... in a bailey.
             The game lasted 00:16:57 (8641 turns).

Gargoyl the Chopper (Centaur Abyssal Knight)        Turns: 8641, Time: 00:16:57

Health: -33/75     AC: 14    Str: 24    XL:     9   Next: 88%
Magic:  13/13      EV:  6    Int: 11    God:    Lugonu [****..]
Gold:   427        SH:  0    Dex: 14    Spells: 8/8 levels left

rFire    . . .     SeeInvis .   m - +2 war axe "Feseyrch" {freeze, +Inv Str+5 Dex+4}
rCold    . . .     Gourm    .   (no shield)
rNeg     . . .     Faith    .   F - +0 plate armour
rPois    .         Spirit   .   (helmet restricted)
rElec    .         Reflect  .   v - +2 cloak
rCorr    .         Harm     .   (no gloves)
MR       +....                  (no barding)
Stlth    ..........             (no amulet)
Regen    0.3/turn               e - +2 ring of dexterity
MPRegen  0.2/turn               t - ring of protection from magic

@: very quick
A: hooves 3, horns 1, clumsy 1, deformed body, speed 2, strong 1, tough skin 3,
evolution 1
a: Depart the Abyss, Bend Space, Banish, Corrupt, Renounce Religion, Evoke
Invisibility


You were in a bailey.
You worshipped Lugonu.
Lugonu was greatly pleased with you.
You were not hungry.

You visited 1 branch of the dungeon, and saw 7 of its levels.
You visited the Abyss 1 time.
You also visited: Bailey.

You collected 427 gold pieces.

Inventory:

Hand Weapons
 a - a +1 hand axe
 m - the +2 war axe "Feseyrch" (weapon) {freeze, +Inv Str+5 Dex+4}
   (You found it on level 4 of the Dungeon)

   It has been specially enchanted to freeze those struck by it, causing extra
   injury to most foes and up to half again as much damage against particularly
   susceptible opponents.
   It can also slow down cold-blooded creatures.
   It affects your strength (+5).
   It affects your dexterity (+4).
   It lets you turn invisible.
Missiles
 j - 12 tomahawks (quivered)
Armour
 g - a +1 helmet of intelligence
 o - a +0 helmet
 v - a +2 cloak (worn)
 F - a +0 plate armour (worn)
Jewellery
 e - a +2 ring of dexterity (left hand)
 t - a ring of protection from magic (right hand)
Wands
 A - a wand of polymorph (7/24)
 E - a wand of acid (0/15)
Scrolls
 f - 3 scrolls of fog
 h - 3 scrolls of amnesia
 i - 3 scrolls of recharging
 l - 3 scrolls of teleportation
 n - 2 scrolls of remove curse
 p - a scroll of blinking
 y - a scroll of magic mapping
Potions
 b - a potion of might {unknown}
 q - 3 potions of flight
 r - 3 potions of curing
 s - 3 potions of magic {unknown}
 x - 2 potions of ambrosia {unknown}
 B - 2 potions of lignification {unknown}
 D - a potion of heal wounds
Comestibles
 c - 6 bread rations
 d - 2 meat rations
 k - 2 royal jellies
 z - 8 fruits


   Skills:
 + Level 6.1 Fighting
 + Level 7.7 Axes
 + Level 1.6 Throwing
 * Level 6.2 Armour
 + Level 2.0 Dodging
 * Level 6.3 Invocations
 + Level 0.5 Evocations


You had 8 spell levels left.
You didn't know any spells.

Dungeon Overview and Level Annotations

Branches:
Dungeon (7/15)             Temple (0/1) D:4

Altars:
Cheibriados
Fedhas
Makhleb
Xom
Zin
The Shining One


Innate Abilities, Weirdness & Mutations

You have hooves in place of feet.
Armour fits poorly on your strangely shaped body.
You cover ground very quickly.
You have extremely tough skin. (AC +3)
You have a pair of small horns on your head.
You are clumsy. (Dex -2)
Your muscles are strong. (Str +2)
You evolve.


Message History

You are feeling hungry.
You start resting.
HP restored.
You eat one of the 7 bread rations.
That bread ration really hit the spot!
The orc knight shouts!
The orc warrior shouts!
The orc knight shouts!
There is an open door here.
The orc knight roars a battlecry!
The orcs go into a battle-frenzy!
The orc knight roars a battlecry!
The orc knight goes into a battle-frenzy!
The orc knight barely misses you.
The orc warrior hits you from afar with a halberd.
The orc knight hits you from afar with a glaive!!!
Ouch! That really hurt!
The orc warrior hits you from afar with a halberd!
* * * LOW HITPOINT WARNING * * *
The orc knight hits you from afar with a glaive!!!
Ouch! That really hurt!
You die...

#.≈.#############+###'#########
#.≈.## +#.......§.##.....##
#.≈..## ##..≈≈≈≈≈§≈.§##...##.
#.≈≈..## ##..≈≈....§§§..##.##..
##.≈≈..# #.§≈§..⌠⌠⌠..§≈§.#'#.)≈
#∩.≈≈..# #..§§.oo⌠...§≈§.#'#..≈
#.≈≈).## #§§≈≈ooo..≈§§.'#.##..
#.≈.)## #..≈≈≈≈≈≈§..##...##.
#.≈)##.$$$.##.@.......##.....##
#.≈.#############'#############
#.≈.)##### #.....##.........
#.≈≈≈≈≈≈≈#######[|.##..≈≈≈≈≈≈≈≈
#.........##...##.##..≈≈.......
########.##..≈..###..≈≈..######
####...##...≈≈.....≈≈..##
##∩..#######..≈≈≈≈≈≈≈..##
#∩#### ##.........##


You could see 4 orc knights and an orc warrior.

Vanquished Creatures
  Pikel (D:6)
  Grinder (D:5)
  A troll (D:5)
  The ghost of NullDivider the Sneak, an amateur OpAr of Nemelex Xobeh (D:7)
  Duvessa (D:6)
  A sky beast (D:4)
  An orc warrior (Bailey)
  3 phantoms
  A slave (D:6)
  The ghost of nullius the Cudgeler, an amateur FoAK of Lugonu (D:4)
  A centaur (D:5)
  2 ogres (D:5)
  Blork the orc (D:5)
  2 bullfrogs
  A gnoll sergeant (D:7)
  Dowan (D:6)
  3 scorpions
  The ghost of hairybawbag the Skirmisher, a weakling DrBe of Trog (D:3)
  2 howler monkeys (D:7)
  5 crimson imps
  Crazy Yiuf (D:3)
  2 hounds (D:5)
  A centaur zombie (D:6)
  3 jellies
  2 orc priests
  A centaur skeleton (D:6)
  3 orc wizards
  A bullfrog skeleton (D:6)
  2 iguanas
  Jessica (D:2)
  7 worker ants
  A hound skeleton (D:4)
  A howler monkey zombie (D:7)
  A worker ant zombie (D:5)
  8 gnolls
  7 adders
  3 shadow imps
  An ooze (D:2)
  3 adder skeletons
  An adder zombie (D:6)
  4 worms
  A dart slug (D:5)
  3 leopard geckos
  23 orcs
  A ball python (D:1)
  4 bats
  6 giant cockroaches
  6 goblins
  7 hobgoblins
  2 jackals (D:6)
  4 quokkas
  4 frilled lizards
  A jackal zombie (D:5)
  A kobold (D:3)
  9 rats
157 creatures vanquished.

Vanquished Creatures (others)
  A slave (D:6)
  An orc wizard (D:6)
  A worker ant zombie (D:6)
  3 orcs (D:6)
  A ball python skeleton (D:6)
7 creatures vanquished.

Grand Total: 164 creatures vanquished

Notes
Turn   | Place    | Note
-------+----------+-------------------------------------------
     0 | Abyss:1  | Gargoyl the Centaur Abyssal Knight began the quest for the Orb.
     0 | Abyss:1  | Reached XP level 1. HP: 19/19 MP: 2/2
    70 | Abyss:2  | Noticed a freezing wraith
   102 | Abyss:2  | Noticed an iron imp
   130 | Abyss:3  | Noticed a smoke demon
   133 | D:1      | Escaped the Abyss
   817 | D:1      | Reached XP level 2. HP: 21/26 MP: 3/3
  1150 | D:1      | Reached skill level 2 in Axes
  1196 | D:1      | Reached * piety under Lugonu
  1355 | D:2      | Noticed Jessica
  1366 | D:2      | Killed Jessica
  1366 | D:2      | Reached XP level 3. HP: 23/31 MP: 4/4
  1469 | D:2      | Found a blossoming altar of Fedhas.
  2148 | D:2      | Reached XP level 4. HP: 31/38 MP: 6/6
  2368 | D:3      | Found a snail-covered altar of Cheibriados.
  2389 | D:3      | Found a glowing golden altar of the Shining One.
  2395 | D:3      | Reached skill level 1 in Dodging
  2415 | D:3      | Noticed hairybawbag's ghost (weakling DrBe)
  2438 | D:4      | Got an encrusted war axe
  2439 | D:4      | Identified the cursed +2 war axe "Feseyrch" {freeze, +Inv Str+5 Dex+4} (You found it on level 4 of the Dungeon)
  2576 | D:4      | Noticed nullius's ghost (amateur FoAK)
  2616 | D:4      | Found a glowing silver altar of Zin.
  2674 | D:5      | Entered Level 5 of the Dungeon
  2872 | D:4      | Killed nullius's ghost
  2872 | D:4      | Reached XP level 5. HP: 30/45 MP: 7/7
  2991 | D:4      | Reached skill level 3 in Axes
  3043 | D:4      | Noticed a sky beast
  3049 | D:4      | Killed a sky beast
  3049 | D:4      | Reached XP level 6. HP: 44/52 MP: 8/8
  3053 | D:4      | Gained mutation: Your muscles are strong. (Str +2) [mutagenic meat]
  3054 | D:4      | Gained mutation: You are clumsy. (Dex -2) [mutagenic meat]
  3055 | D:4      | Gained mutation: You have a pair of small horns on your head. [mutagenic meat]
  3056 | D:4      | Gained mutation: You evolve. [mutagenic meat]
  3119 | D:4      | Found a burning altar of Makhleb.
  3293 | D:3      | Reached ** piety under Lugonu
  3337 | D:3      | Killed hairybawbag's ghost
  3337 | D:3      | Reached skill level 4 in Axes
  3337 | D:3      | Reached XP level 7. HP: 51/59 MP: 9/9
  3570 | D:3      | Found a runed door.
  3961 | D:3      | Noticed Crazy Yiuf
  3968 | D:3      | Killed Crazy Yiuf
  4329 | D:4      | Found a staircase to the Ecumenical Temple.
  4599 | D:5      | Noticed Blork the orc
  4607 | D:5      | Killed Blork the orc
  5044 | D:5      | Noticed Grinder
  5058 | D:5      | Killed Grinder
  5058 | D:5      | Reached skill level 5 in Axes
  5058 | D:5      | Reached XP level 8. HP: 61/67 MP: 11/11
  5324 | D:5      | Noticed a troll
  5405 | D:5      | Killed a troll
  5405 | D:5      | Reached skill level 5 in Fighting
  5880 | D:5      | Reached skill level 6 in Axes
  5880 | D:5      | Reached skill level 5 in Armour
  5880 | D:5      | Reached skill level 5 in Invocations
  6300 | D:5      | Reached *** piety under Lugonu
  6534 | D:6      | Reached skill level 1 in Throwing
  6540 | D:6      | Noticed Duvessa
  6544 | D:6      | Noticed Pikel
  6546 | D:6      | Killed Duvessa
  6546 | D:6      | Reached XP level 9. HP: 58/74 MP: 12/12
  6547 | D:6      | Noticed Dowan
  6554 | D:6      | Killed Dowan
  6560 | D:6      | Killed Pikel
  6970 | D:6      | Found a shimmering altar of Xom.
  6972 | D:6      | Found a shimmering altar of Xom.
  6972 | D:6      | Found a shimmering altar of Xom.
  6972 | D:6      | Found a shimmering altar of Xom.
  6973 | D:6      | Found a shimmering altar of Xom.
  6982 | D:6      | Found a shimmering altar of Xom.
  6982 | D:6      | Found a shimmering altar of Xom.
  7408 | D:7      | Reached skill level 7 in Axes
  7652 | D:7      | Reached **** piety under Lugonu
  7966 | D:7      | Noticed NullDivider's ghost (amateur OpAr)
  7973 | D:7      | Killed NullDivider's ghost
  7986 | D:7      | Found a flagged portal.
  7996 | Bailey   | Entered a bailey
  8151 | Bailey   | Noticed an orc knight
  8151 | Bailey   | Noticed an orc knight
  8151 | Bailey   | Noticed an orc knight
  8236 | Bailey   | Noticed an orc knight
  8641 | Bailey   | Annihilated by an orc knight

Skill      XL: |  1  2  3  4  5  6  7  8  9 |
---------------+----------------------------+-----
Axes           | 2 3 4 5 6 7 |  7.7
Armour         | 2 3 4 5 6 |  6.2
Dodging        | 1 2 |  2.0
Invocations    | 3 4 5 6 |  6.3
Fighting       | 4 5 6 |  6.1
Throwing       | 1 |  1.6
Evocations     | |  0.5

Action                   |  1- 3 |  4- 6 |  7- 9 || total
-------------------------+-------+-------+-------++-------
Melee: Hand axe          |    83 |     9 |       ||    92
       Kick              |    17 |    20 |    68 ||   105
       War axe           |       |    60 |   235 ||   295
       Headbutt          |       |     4 |    50 ||    54
Throw: Tomahawk          |       |     4 |    11 ||    15
Invok: Depart the Abyss  |     1 |       |       ||     1
       Bend Space        |       |       |     1 ||     1
 Abil: Evoke Invisibilit |       |     1 |       ||     1
Evoke: Wand              |       |       |     4 ||     4
  Use: Scroll            |     6 |     4 |     7 ||    17
       Potion            |     3 |       |       ||     3
  Eat: Chunk             |     3 |     4 |    12 ||    19
       Bread ration      |       |     1 |     1 ||     2
Armor: Leather armour    |    25 |       |       ||    25
       Chain mail        |     9 |    37 |   142 ||   188
       Plate armour      |       |       |     8 ||     8
Dodge: Dodged            |    37 |    14 |    86 ||   137
